 Dungeon Crawl Stone Soup version 0.18.1-50-g88ac8fd (webtiles) character file.

558 Chiseanne the Covert (level 7, -5/36 HPs)
             Began as a Spriggan Assassin on Mar 26, 2017.
             Killed from afar by an orc wizard (8 damage)
             ... with a puff of flame
             ... on level 4 of the Dungeon.
             The game lasted 00:09:39 (4489 turns).

Chiseanne the Covert (Spriggan Assassin)            Turns: 4489, Time: 00:09:40

Health: -5/36      AC:  3    Str:  7    XL:     7   Next: 9%
Magic:  8/8        EV: 23    Int: 13    God:
Gold:   162        SH:  0    Dex: 19    Spells: 0 memorised, 6 levels left

rFire  . . .     SeeInvis +     w - +0 blowgun
rCold  . . .     Gourm    .     c - +0 robe
rNeg   . . .     Faith    .     (shield restricted)
rPois  .         Spirit   .     (helmet restricted)
rElec  .         Dismiss  .     d - +0 cloak
rCorr  .         Reflect  .     (gloves unavailable)
SustAt .         Harm     .     (boots unavailable)
MR     +....                    (no amulet)
Stlth  +++++.....               (no ring)
                                (no ring)

@: very quick, somewhat resistant to hostile enchantments, quite stealthy
A: unfitting armour, see invisible, herbivore 3, speed 3, slow metabolism 2
a: no special abilities


You were on level 4 of the Dungeon.
You were not hungry.

You visited 1 branch of the dungeon, and saw 4 of its levels.
You also visited: Sewer.

You collected 162 gold pieces.

Inventory:

Hand Weapons
 a - a +3 dagger
 w - a +0 blowgun (weapon)
Missiles
 b - 28 sling bullets
 e - 9 poisoned needles (quivered)
 f - 2 curare-tipped needles
 i - 55 arrows
 p - 48 stones
 r - 8 needles of confusion
Armour
 c - a +0 robe (worn)
 d - a +0 cloak (worn)
Jewellery
 n - an uncursed amulet of dismissal {unknown}
 q - a cursed amulet of magic regeneration {unknown}
 u - a cursed ring of loudness {unknown}
Scrolls
 h - 2 scrolls of teleportation
 m - a scroll of recharging
 o - 2 scrolls of fear
 x - a scroll of blinking {unknown}
Potions
 j - a potion of cure mutation
 k - a potion of magic
 l - a potion of might
 s - a potion of heal wounds {unknown}
 t - a potion of haste
 v - a potion of brilliance
Comestibles
 g - 5 bread rations


   Skills:
 + Level 3.2 Fighting
 - Level 2.1 Short Blades
 - Level 2.0 Throwing
 * Level 7.2 Dodging
 * Level 9.2 Stealth


You had 6 spell levels left.
You didn't know any spells.

Dungeon Overview and Level Annotations

Branches:
Dungeon (4/15)
 Temple: D:4-7

Altars:
Qazlal
Xom
Yredelemnul
Zin

Shops:
D:4 *


Innate Abilities, Weirdness & Mutations

You are tiny and cannot use many weapons and most armour.
You have supernaturally acute eyesight.
You are a herbivore.
You cover ground extremely quickly.
You need consume almost no food.


Message History

The orc shouts!
The orc wizard closely misses you.
Firing (i - inventory. (,) - cycle):
e - 11 poisoned needles (quivered)
Press: ? - help, Shift-Dir - straight line, f/p - orc wizard
Aim: an orc wizard, wielding a dagger and wearing a robe (lightly wounded, fast, poisoned)
You shoot a poisoned needle.
The poisoned needle barely misses the orc wizard.
The orc wizard points at you and mumbles some strange words.
The magic dart hits you!
* * * LOW HITPOINT WARNING * * *
Firing (i - inventory. (,) - cycle):
e - 10 poisoned needles (quivered)
Press: ? - help, Shift-Dir - straight line, f/p - orc wizard
Aim: an orc wizard, wielding a dagger and wearing a robe (lightly wounded, fast, poisoned)
You shoot a poisoned needle.
The poisoned needle hits the orc wizard.
The orc wizard looks even sicker.
The orc wizard is lightly wounded.
The orc wizard gestures at you while chanting.
The puff of flame hits you!
You die...

#.....##.# #.###.##.#
..# #.##.# #. .
#####..#.####. .#
..............# ..
######.#.###..# .#
...........#..# .##
#######..#.#..####...#_#
#..#.#(.(o@.......
#######........###......
........>.o....# ...∩.
#########......# ....
#......# ... ##.#.### #.
##### #.#.# ..... ..#.#
##### ####..


You could see an orc wizard and an orc.

Vanquished Creatures
  An ogre (D:4)
  A giant frog (Sewer)
  2 hounds (D:2)
  An orc wizard (D:4)
  A worker ant (D:4)
  A worker ant zombie (D:4)
  9 adders
  A gnoll (D:2)
  14 oozes
  A dart slug (D:2)
  8 giant geckos
  11 orcs
  11 ball pythons
  2 bats (D:3)
  6 giant cockroaches
  6 goblins
  3 hobgoblins
  2 quokkas (D:3)
  6 giant newts (Sewer)
  7 kobolds
  A quokka skeleton (D:4)
  6 rats
101 creatures vanquished.

Vanquished Creatures (others)
  An orc wizard (D:4)
1 creature vanquished.

Grand Total: 102 creatures vanquished

Notes
Turn   | Place    | Note
--------------------------------------------------------------
     0 | D:1      | Chiseanne the Spriggan Assassin began the quest for the Orb.
     0 | D:1      | Reached XP level 1. HP: 10/10 MP: 2/2
   123 | D:1      | Reached skill level 6 in Stealth
   147 | D:1      | Reached XP level 2. HP: 12/15 MP: 3/3
   646 | D:2      | Reached XP level 3. HP: 18/18 MP: 4/4
   992 | D:2      | Reached skill level 7 in Stealth
  1016 | D:2      | Reached XP level 4. HP: 23/23 MP: 5/5
  1774 | D:3      | Found a stormy altar of Qazlal.
  2093 | D:3      | Reached XP level 5. HP: 21/26 MP: 6/6
  2196 | D:3      | Found a shimmering altar of Xom.
  2196 | D:3      | Found a basalt altar of Yredelemnul.
  2307 | D:3      | Found a glowing drain.
  2318 | Sewer    | Entered a sewer
  2565 | Sewer    | Reached skill level 5 in Dodging
  2931 | Sewer    | Reached skill level 8 in Stealth
  3197 | Sewer    | Reached XP level 6. HP: 32/32 MP: 7/7
  3593 | D:3      | Found a faded altar to an unknown god.
  4124 | D:4      | Reached skill level 9 in Stealth
  4227 | D:4      | Reached XP level 7. HP: 36/36 MP: 8/8
  4445 | D:4      | Found a glowing silver altar of Zin.
  4445 | D:4      | Found Zin's Purification Station.
  4489 | D:4      | Killed from afar by an orc wizard

Skill      XL: |  1  2  3  4  5  6 |
---------------+-------------------+-----
Dodging        | 2 3 4 5 7 |  7.2
Stealth        | 6 7 8 9 |  9.2
Fighting       | 2 3 |  3.2
Short Blades   | |  2.1
Throwing       | |  2.0

Action                   |  1- 3 |  4- 6 |  7- 9 || total
-------------------------+-------+-------+-------++-------
Melee: Dagger            |    46 |   314 |    10 ||   370
 Fire: Blowgun           |    16 |    24 |     7 ||    47
  Use: Scroll            |     6 |     8 |       ||    14
       Potion            |       |     1 |       ||     1
 Stab: Sleeping          |     4 |    24 |       ||    28
       Distracted        |       |     2 |       ||     2
  Eat: Pizza             |       |     1 |       ||     1
Armor: Robe              |     3 |    21 |     2 ||    26
       Skin              |       |    20 |       ||    20
Dodge: Dodged            |    37 |   256 |     5 ||   298
